Description

One Base Proxy that attacks at 4:20 with two Tanks & Lib, with Viking & Cyclone arriving soon after.

Replay - TVX One Base Proxy Factory + Starport

Build Order

Get SALT Encoding   

  12  0:01  SCV  
  13  0:13  SCV  
  14  0:17  Supply Depot  
  14  0:25  SCV  
  15  0:29  Refinery  
  15  0:39  SCV  
  16  0:46  Barracks  Send Proxy SCV to 3rd
  16  0:52  SCV  
  17  1:02  Refinery  
  17  1:04  SCV  
  18  1:16  SCV  
  18  1:17  Supply Depot  
  19  1:32  Factory  
  19  1:34  SCV  
  19  1:39  Marine  
  21  1:46  SCV  
  22  1:57  Marine  Only two marines until next Depot
  22  1:59  Bunker  
  23  2:03  SCV  
  24  2:16  Factory Tech Lab  
  24  2:20  Starport  
  24  2:34  Siege Tank  
  28  2:42  Supply Depot, Liberator  
  31  3:06  Siege Tank  
  34  3:15  Barracks  Proxy for Lifting and Vision
  34  3:22  Supply Depot  
  34  3:25  Marine  
  35  3:38  Cyclone  
  38  3:47  Viking  
  40  3:56  Engineering Bay  
  40  4:11  Cyclone  
  43  4:22  Missile Turret  
  43  4:29  Orbital Command  
  43  4:55  Command Center  
  43  4:58  Supply Depot  
  43  5:04  Widow Mine  
Spawning Tool Build Advisor. Get it on Overwolf

Analysis

Attack should land around 4:20. Lift the Proxy Rax as soon as it is built and fly over the 2nd base / ramp. Army should by following a little behind. Siege up 1 or two tanks and the lib. Ensure Starport and Factory continue to make units. Rally to a tank / second. Generally I make additional cyclones / libs. Although mines and anything else to support the tanks will help.

Key weaknesses are losing tanks to immortals. Having the lib on the ramp can assist with this. Just be methodical and slowly advance on their base.

Go to:

Details

  • Created by: megaaabeard
  • Published on: Jun 09, 2020
  • Modified on: Jun 09, 2020
  • Patch: 4.11.0
  • Difficulty: Medium
Show
View Real Time Build Order
Export as new Build Order

Comments (0)

There are no comments. Be the first!

Create an account to comment!